cohdb
Replays
Latest Replays
All Replays
Popular Replays
Top Player Replays
Match Explorer
How It Works
Community
CoH3 Stats
Reddit
Sign in to upload your games and track your stats! →
Sign in with Steam
Match 43603225
Unlisted
Match 43603225
Overview
Messages
Build Orders
End
Royal Engineer Section
Construct Section Command Post
Dingo Light Scout Car
Vickers Machine Gun Team
ML 3-inch Mortar Team
Construct Platoon Command Post
Humber Armored Car
6-pounder Anti-tank Gun Team
Construct Company Command Post
Foot Guards Section
6-pounder Anti-tank Gun Team
Selects Air and Sea Battlegroup
Selects Commando Section Paradrop
Selects M1 Pack Howitzer Paradrop
Selects Supply Surplus
Selects UNKNOWN (223837)
Centaur IV Medium Tank
Foot Guards Section
Royal Engineer Section
Commando Section Paradrop
Selects Incendiary Bombing Run
Matilda II Heavy Tank
Incendiary Bombing Run
6-pounder Anti-tank Gun Team
Matilda II Heavy Tank
Centaur IV Medium Tank
Incendiary Bombing Run
Commando Section Paradrop
RunningWithFate
Onoyk
Gumshoe.Cambro
PaperWade
0
0
Comments
sign in to comment!
No comments posted yet!